 Dungeon Crawl Stone Soup version 0.27.0-1-g7a089689b8 (webtiles) character file.

Game seed: 11265510305842097398

7 JBAR the Ruffian (level 2, 0/25 HPs)
             Began as a Naga Transmuter on Aug 1, 2021.
             Slain by a jackal (1 damage)
             ... on level 1 of the Dungeon.
             The game lasted 00:00:32 (232 turns).

JBAR the Ruffian (Naga Transmuter)                   Turns: 232, Time: 00:00:33

Health: 0/25       AC:  2    Str: 12    XL:     2   Next: 0%
Magic:  4/5        EV:  9    Int: 13    God:
Gold:   0          SH:  0    Dex: 11    Spells: 4/5 levels left

rFire    . . .     SeeInvis +     - Unarmed
rCold    . . .     Faith    .   (no shield)
rNeg     . . .     Spirit   .   a - +0 robe
rPois    +         Reflect  .   (helmet currently unavailable)
rElec    .         Harm     .   c - +0 cloak
rCorr    .         Rampage  .   (no gloves)
Will     .....                  (no barding)
Stlth    +.........             (no amulet)
HPRegen  0.08/turn              (no ring)
MPRegen  0.09/turn              (no ring)

@: appendages, very slow
A: horns 2, AC +0, large, see invisible, deformed body, poison resistance,
slowness 2, spit poison 1, naga tail 1
a: Spit Poison, End Transformation


You were on level 1 of the Dungeon.
You had temporarily grown beastly horns.
You visited 1 branch of the dungeon, and saw 1 of its levels.

Inventory:

Armour
 a - a +0 robe (worn)
 c - a +0 cloak (worn)
Scrolls
 b - a scroll of acquirement {unknown}


   Skills:
 + Level 1.0 Fighting
 + Level 1.5 Dodging
 * Level 3.5 Unarmed Combat
 + Level 2.0 Spellcasting
 * Level 2.0 Transmutations


You had 4 spell levels left.
You knew the following spells:

 Your Spells              Type           Power      Damage    Failure   Level
a - Beastly Appendage     Tmut           12%        N/A       11%         1

Your spell library contained the following spells:

 Spells                   Type           Power      Damage    Failure   Level
 Wereblood                Tmut           6%         N/A       17%         2
 Spider Form              Tmut/Pois      1%         N/A       45%         3
 Ice Form                 Ice/Tmut       3%         N/A       86%         4


Dungeon Overview and Level Annotations

Branches:
Dungeon (1/15)

Altars:


Innate Abilities, Weirdness & Mutations

You have temporarily grown beastly horns.
Your serpentine skin is tough. (AC +0)
You have supernaturally acute eyesight. (SInv)
Armour fits poorly on your strangely shaped body.
Your system is resistant to poisons. (rPois)
You cover ground very slowly.
You can spit poison.
You have a snake-like lower body.


Message History

You hit the jackal.
The jackal is almost dead.
The jackal bites you but does no damage.
The jackal bites you.
The jackal bites you but does no damage.
You barely miss the jackal.
The jackal is almost dead.
Your horns disappear.
The jackal bites you. x3
* * * LOW HITPOINT WARNING * * *
The jackal barely misses you.
You barely miss the jackal.
The jackal is almost dead.
The jackal bites you but does no damage.
The jackal barely misses you. x3; The jackal completely misses you.
You hit the jackal.
You kill the jackal!
The jackal bites you but does no damage.
The jackal barely misses you. x2
You hit the jackal.
You kill the jackal!
The jackal barely misses you.
The jackal bites you but does no damage.
You have reached level 2!
You are too injured to fight recklessly!
Casting: Beastly Appendage (safe; 11% risk of failure)
Press: ? - help, Q - select action, (/) - cycle Dir - look around, f - activate You grow a pair of large bovine horns.
The jackal bites you.
* * * LOW HITPOINT WARNING * * *
The jackal bites you.
* * * LOW HITPOINT WARNING * * *
The jackal bites you but does no damage.
The jackal bites you.
* * * LOW HITPOINT WARNING * * *
The jackal bites you but does no damage.
You closely miss the jackal. You headbutt the jackal.
The jackal is moderately wounded.
The jackal bites you.
You die...

#.## .# ... .
... #.# #..
..###.# ....
....##.....
####.....#
####g.......#
#...h##.###...#
#..hh@h.# .#
####..######
###....##
#######....###
........#.##
..........#
.....†.####
########


You could see 4 jackals and a hobgoblin.

Vanquished Creatures
  A bat (D:1)
  A hobgoblin (D:1)
  3 jackals (D:1)
5 creatures vanquished.

Notes
Turn   | Place    | Note
-------+----------+-------------------------------------------
     0 | D:1      | JBAR the Naga Transmuter began the quest for the Orb.
     0 | D:1      | Reached XP level 1. HP: 18/18 MP: 3/3
   231 | D:1      | Reached XP level 2. HP: 7/25 MP: 5/5
   231 | D:1      | HP: 1/25 [jackal (3)]
   232 | D:1      | Slain by a jackal

Illustrated notes

Levels and vault maps discovered:
D:1:      saegor_arrival_simple_c, layout_rooms,
          chequers_ecumenical_altar_twisty

Action                   || total
-------------------------++-------
Melee: Unarmed           ||    22
       Headbutt          ||     3
       Punch             ||     1
 Cast: Beastly Appendage ||     2
Armor: Robe              ||    20
Dodge: Dodged            ||    27
